[Event "*** Titled Tuesday Blitz"]
[Site "Chess.com"]
[Date "2021.02.16"]
[Round "1"]
[White "ViktoriyaTarasova"]
[Black "mikolka1985"]
[Result "0-1"]
[WhiteElo "2292"]
[BlackElo "2596"]
[TimeControl "180+1"]
[EndTime "10:06:39 PST"]
[Termination "mikolka1985 won by resignation"]

1. d4 Nf6 2. c4 e6 3. Nc3 Bb4 4.
Qc2 O-O 5. Nf3 d6 6. Bd2 b6 7.
e4 e5 8. d5 Nh5 9. a3 Bxc3 10.
Bxc3 f5 11. Nd2 fxe4 12. Nxe4 Bf5 13. f3 Nd7 14. O-O-O Nc5 15. b4 Nxe4 16. fxe4 Bg4 17. Re1 Qg5+ 18. Kb1 Qg6 19. Bd3 Rf7 20. h3 Bd7 21.
Rhf1 Nf4 22. Rg1 Raf8 23. Bd2 Qg3 24. Bxf4 Rxf4 25. Ref1 Ba4 26. Qe2 Rf2 27. Rxf2 Rxf2 28. Qg4 Qxd3+ 0-1

[Event "*** Titled Tuesday Blitz"]
[Site "Chess.com"]
[Date "2021.02.16"]
[Round "1"]
[White "miredenizdogan"]
[Black "harvsp123"]
[Result "0-1"]
[WhiteElo "2242"]
[BlackElo "2556"]
[TimeControl "180+1"]
[EndTime "10:06:39 PST"]
[Termination "harvsp123 won by resignation"]

1. d4 g6 2. c4 Bg7 3. Nc3 d6 4. e4 e5 5. d5 a5 6. h4 f5 7. Bg5 Nf6 8. h5 f4 9. h6 Bf8 10. g3 fxg3 11. fxg3 Be7 12. Bh3 Na6 13. Qe2 Nc5 14. O-O-O a4 15. Rf1 O-O 16. Bxc8 Qxc8 17. Nh3 c6 18. Kb1 Qc7 19. Rf2 Rf7 20. Rhf1 Raf8 21.
g4 Qd7 22. Bc1 Qxg4 23. Qxg4 Nxg4 24. Rxf7 Rxf7 25. Rxf7 Kxf7 26. Ng5+ Bxg5 27. Bxg5 Nf2 28. Kc2 Nfxe4 29. Be3 Nxc3 30. Kxc3 cxd5 31. cxd5 Ke7 32. Kc4 Kd7 33. Kb5 Nd3 34. Kxa4 Nxb2+ 35. Kb5 Nd1 36.
Bd2 e4 37. Kc4 e3 38. Be1 Nf2 39. Kd4 Ng4 40. Ke4 e2 41. Bd2 Nxh6 42. Kf3 Ng8 43.
Kxe2 Nf6 0-1

[Event "*** Titled Tuesday Blitz"]
[Site "Chess.com"]
[Date "2021.02.16"]
[Round "1"]
[White "c_r_e_e_p_e_r"]
[Black "cassoulet"]
[Result "0-1"]
[WhiteElo "2395"]
[BlackElo "2739"]
[TimeControl "180+1"]
[EndTime "10:06:40 PST"]
[Termination "cassoulet won on time"]

1. e4 c5 2. Nf3 Nc6 3. Be2 Nf6 4.
Nc3 d6 5. d4 cxd4 6. Nxd4 g6 7.
O-O Bg7 8. Be3 O-O 9. Nb3 a6 10. a4 Be6 11. f4 Rc8 12. f5 Bxb3 13. cxb3 Ne5 14. a5 Qd7 15. Na4 Nxe4 16. Nb6 Qd8 17.
Nxc8 Qxc8 18. Rc1 Qd8 19. Bb6 Qe8 20. Bf3 gxf5 21. Bxe4 fxe4 22. Qd5 Nc6 23. Qxe4 e6 24. Rf3 f5 25. Qe2 Ne5 26. Rg3 f4 27. Rgc3 Qg6 28. Rc8 f3 29. Rxf8+ Bxf8 30. Qf2 Nd3 31. Qxf3 Nxc1 32.
Qxb7 Ne2+ 33. Kf2 Nf4 34. Be3 Qc2+ 35. Kg3 Nd5 36. Bf2 Qd3+ 37. Kg4 Qf5+ 38. Kg3 Qg5+ 39.
Kf3 Qf4+ 40. Ke2 Qe4+ 0-1

[Event "*** Titled Tuesday Blitz"]
[Site "Chess.com"]
[Date "2021.02.16"]
[Round "1"]
[White "jkidjr22"]
[Black "muchojogo"]
[Result "0-1"]
[WhiteElo "2604"]
[BlackElo "2337"]
[TimeControl "180+1"]
[EndTime "10:06:40 PST"]
[Termination "muchojogo won by checkmate"]

1. d4 Nf6 2. Bf4 e6 3. e3 d5 4. Nd2 c5 5. c3 Bd6 6. Bxd6 Qxd6 7. f4 O-O 8. Ngf3 b6 9. Bd3 Ba6 10. Bxa6 Nxa6 11. Qe2 Nc7 12. Ne5 Nd7 13. O-O f6 14.
Nxd7 Qxd7 15. a4 Ne8 16. dxc5 bxc5 17. e4 d4 18. cxd4 Qxd4+ 19. Qf2 Qxb2 20. Rfc1 Rd8 21. Nf3 Qxf2+ 22. Kxf2 Nd6 23. Ke3 f5 24. Ng5 fxe4 25.
Nxe6 Nf5+ 26. Kf2 Rd2+ 27. Ke1 Rxg2 28. Nxf8 Kxf8 29. Rab1 Nd4 30. Rb7 e3 31. Kf1 Rf2+ 32. Kg1 Nf3+ 33. Kh1 Rxh2# 0-1

[Event "*** Titled Tuesday Blitz"]
[Site "Chess.com"]
[Date "2021.02.16"]
[Round "1"]
[White "Klavdia_Nik"]
[Black "Nuvas"]
[Result "0-1"]
[WhiteElo "2051"]
[BlackElo "2488"]
[TimeControl "180+1"]
[EndTime "10:06:40 PST"]
[Termination "Nuvas won on time"]

1. Nf3 d5 2. c4 d4 3. g3 c5 4.
b4 cxb4 5. a3 bxa3 6. Bxa3 Nc6 7. d3 e5 8. Bxf8 Kxf8 9. Bg2 Nf6 10. O-O g6 11. Nbd2 Kg7 12. Qa4 Bd7 13. Rfb1 Qc7 14.
Ng5 a5 15. Rb2 Nb4 16. Qa3 Bc6 17. Nge4 Nd7 18. Nb3 f5 19. Ned2 Bxg2 20. Kxg2 b6 21. Nc1 Rhe8 22. Na2 Na6 23. Rab1 Nac5 24. Nc1 Qc6+ 25.
Kg1 Na4 26. Rc2 Nc3 27. Rbb2 e4 28. Nb1 exd3 0-1

[Event "*** Titled Tuesday Blitz"]
[Site "Chess.com"]
[Date "2021.02.16"]
[Round "1"]
[White "jens1102"]
[Black "AlexeiShirov"]
[Result "0-1"]
[WhiteElo "2430"]
[BlackElo "2845"]
[TimeControl "180+1"]
[EndTime "10:06:42 PST"]
[Termination "AlexeiShirov won by resignation"]

1. e4 e5 2. Nf3 Nc6 3. Bc4 Nf6 4. d3 h6 5. c3 d6 6. Nbd2 g5 7. Bb3 g4 8. Ng1 h5 9. Ne2 Bh6 10. Nf1 Bxc1 11. Rxc1 Be6 12. Ne3 h4 13. Bxe6 fxe6 14. Qb3 Qd7 15. h3 gxh3 16. Rxh3 O-O-O 17. Rf3 Nh7 18. Ng4 Rdg8 19. Nf6 Nxf6 20. Rxf6 Rxg2 21. Qxe6 Qxe6 22.
Rxe6 h3 23. Ng3 Rxg3 24. fxg3 h2 25. Kf2 h1=Q 26. Rxh1 Rxh1 27. g4 Kd7 28. Rg6 Rh2+ 29. Kg3 Rxb2 30. g5 Rxa2 31. Rf6 Ne7 32. g6 Nxg6 33. Rxg6 Rd2 34. d4 exd4 35. cxd4 Rxd4 36. Kf4 d5 37. Ke5 Rxe4+ 38. Kxd5 Re7 39. Rh6 a5 0-1

[Event "*** Titled Tuesday Blitz"]
[Site "Chess.com"]
[Date "2021.02.16"]
[Round "1"]
[White "GM4life"]
[Black "EugeneRougon"]
[Result "1-0"]
[WhiteElo "2414"]
[BlackElo "2726"]
[TimeControl "180+1"]
[EndTime "10:06:42 PST"]
[Termination "GM4life won by resignation"]

1. e4 d6 2. d4 Nf6 3. Nc3 g6 4. f4 Bg7 5. Nf3 O-O 6. Bd3 Nc6 7. Be2 e5 8. dxe5 dxe5 9. Qxd8 Rxd8 10. fxe5 Ng4 11.
Bf4 Ncxe5 12. O-O c6 13. Rad1 Be6 14. h3 Nxf3+ 15. gxf3 Ne5 16. Kg2 Nc4 17. Bxc4 Bxc4 18. Rfe1 b5 19. a3 a5 20. Bc7 Rxd1 21. Rxd1 b4 22.
Na4 Bb5 23. Nb6 Re8 24. a4 Ba6 25. b3 h5 26. Nd7 f5 27. e5 f4 28. Bxa5 Bc8 29.
Bxb4 Bxd7 30. Rxd7 Rxe5 31. Kf2 Rg5 32. Bd2 Rg3 33. Bxf4 Rxh3 34. a5 Rh1 35. a6 Bf6 36.
a7 1-0

[Event "*** Titled Tuesday Blitz"]
[Site "Chess.com"]
[Date "2021.02.16"]
[Round "1"]
[White "Rozum_Ivan"]
[Black "shaheus"]
[Result "1-0"]
[WhiteElo "2739"]
[BlackElo "2395"]
[TimeControl "180+1"]
[EndTime "10:06:42 PST"]
[Termination "Rozum_Ivan won on time"]

1. b3 e5 2. Bb2 Nc6 3. e3 g6 4. d4 Bg7 5. dxe5 Nxe5 6. Qc1 Qf6 7. Bc3 Qc6 8. Qb2 f6 9. Nd2 Ne7 10. Ngf3 d6 11. Be2 O-O 12. O-O a6 13. a4 b6 14.
Nxe5 dxe5 15. Bf3 Nd5 16. Bb4 e4 17. Bxe4 f5 18. Bxd5+ Qxd5 19. Bc3 Bxc3 20. Qxc3 Rd8 21.
Nf3 Bb7 22. Qxc7 Rac8 23. Qxb6 Rxc2 24. h3 Rd6 25. Qb4 1-0

[Event "*** Titled Tuesday Blitz"]
[Site "Chess.com"]
[Date "2021.02.16"]
[Round "1"]
[White "Ajedrez_con_German"]
[Black "BabyBoss31"]
[Result "1-0"]
[WhiteElo "2630"]
[BlackElo "2329"]
[TimeControl "180+1"]
[EndTime "10:06:42 PST"]
[Termination "Ajedrez_con_German won by resignation"]

1. Nf3 c6 2. b3 d5 3. Bb2 Nf6 4.
e3 g6 5. Bxf6 exf6 6. c4 dxc4 7.
bxc4 Bg7 8. Nc3 O-O 9. Be2 f5 10. Qc2 Na6 11. O-O Nb4 12. Qb3 c5 13. a3 Nd3 14.
Rab1 b6 15. Nd5 Ne5 16. Nxe5 Bxe5 17. f4 Bg7 18. Bf3 Bb7 19. a4 Bxd5 20. Bxd5 Rb8 21. h3 Qh4 22. Qd1 Rfd8 23. Qf3 Rd6 24. Rb5 Qe7 25.
Rfb1 Qc7 26. Qd1 Bf6 27. a5 Bd8 28. Qb3 Qe7 29. Rxc5 bxc5 30. Qxb8 Kg7 31. Rb7 Rd7 32. a6 Bb6 33. Rxb6 axb6 34. Qxb6 Rd8 35. a7 Qf6 36.
Qxf6+ Kxf6 37. a8=Q Rxa8 1-0

[Event "*** Titled Tuesday Blitz"]
[Site "Chess.com"]
[Date "2021.02.16"]
[Round "1"]
[White "Dave_ChessMate"]
[Black "Salem-AR"]
[Result "0-1"]
[WhiteElo "2446"]
[BlackElo "2908"]
[TimeControl "180+1"]
[EndTime "10:06:43 PST"]
[Termination "Salem-AR won by checkmate"]

1. Nf3 c5 2. g3 g6 3. Bg2 Bg7 4. c4 Nc6 5. O-O e6 6. Nc3 d6 7. e3 Nge7 8. d4 O-O 9. b3 cxd4 10. exd4 Nf5 11. Ne2 Rb8 12. Bb2 b5 13. cxb5 Rxb5 14. Nc3 Rb8 15. d5 exd5 16. Na4 d4 17. Rc1 Bb7 18.
g4 Nfe7 19. Nxd4 Ne5 20. f4 Bxg2 21. Kxg2 Nd7 22. h3 Qa5 23. Nc6 Nxc6 24. Bxg7 Kxg7 25. Rxc6 Nf6 26. Rxd6 Rfd8 27. g5 Nd5 28. Qd4+ Kg8 29. Rxd8+ Rxd8 30. Qe5 Qd2+ 31. Rf2 Ne3+ 32. Kf3 Qd1+ 33.
Kxe3 Qd3# 0-1

[Event "*** Titled Tuesday Blitz"]
[Site "Chess.com"]
[Date "2021.02.16"]
[Round "1"]
[White "seorobert1971"]
[Black "AttractiveMustard"]
[Result "1-0"]
[WhiteElo "2710"]
[BlackElo "2382"]
[TimeControl "180+1"]
[EndTime "10:06:43 PST"]
[Termination "seorobert1971 won on time"]

1. e4 c5 2. Nc3 Nc6 3. Nge2 e5 4.
g3 d6 5. Bg2 Nf6 6. d3 g6 7. f4 exf4 8. Bxf4 Bg7 9. Qd2 O-O 10.
O-O Nh5 11. Bg5 f6 12. Be3 Be6 13. Nd5 Bxd5 14. exd5 Ne5 15. h3 f5 16. Kh2 Qe7 17.
Rae1 Rae8 18. Nf4 Nxf4 19. gxf4 Nd7 20. Bxc5 Qf6 21. Ba3 Nc5 22. c3 b6 23. b4 Nd7 24.
Bb2 Qh4 25. Re6 Nf6 26. Kg1 Nh5 27. Qe3 Rc8 28. d4 Ng3 29. Rf3 Ne4 30. Rf1 Bh6 31. a4 Qh5 32. Qf3 Qh4 33. Qe3 Rf7 34. b5 Rff8 35. Rf3 Rc4 36. Qe2 Rfc8 37. Rf1 Bxf4 38.
Bxe4 1-0

[Event "*** Titled Tuesday Blitz"]
[Site "Chess.com"]
[Date "2021.02.16"]
[Round "1"]
[White "MergenKakabaev"]
[Black "Vugar_Manafov"]
[Result "1-0"]
[WhiteElo "2377"]
[BlackElo "2653"]
[TimeControl "180+1"]
[EndTime "10:06:43 PST"]
[Termination "MergenKakabaev won by resignation"]

1. e4 Nf6 2. Nc3 d5 3. exd5 Nxd5 4. Nf3 Bg4 5. d4 c6 6. h3 Bh5 7. g4 Bg6 8. Ne5 Nxc3 9. bxc3 Nd7 10. Bf4 e6 11. Bg2 Be7 12. Rb1 Nxe5 13. Bxe5 O-O 14. Rxb7 c5 15. O-O cxd4 16. cxd4 Rc8 17. Rxa7 Rxc2 18.
a4 Bd6 19. a5 Bxe5 20. dxe5 Bd3 21. Ra8 Qc7 22. Rxf8+ Kxf8 23. Qxd3 Ra2 24. a6 g6 25. Qd6+ Qxd6 26. exd6 Rxa6 27. Rd1 Ke8 28. d7+ Kd8 29.
Bb7 Rb6 30. Bc8 h6 31. Kg2 Rb3 32. Rd4 Ra3 33. h4 Rb3 34. g5 h5 35. Rf4 Rb7 36. Rxf7 Rc7 37. Rf8+ 1-0

[Event "*** Titled Tuesday Blitz"]
[Site "Chess.com"]
[Date "2021.02.16"]
[Round "1"]
[White "Pintacara"]
[Black "mr65"]
[Result "1-0"]
[WhiteElo "2502"]
[BlackElo "2111"]
[TimeControl "180+1"]
[EndTime "10:06:43 PST"]
[Termination "Pintacara won on time"]

1. d4 Nf6 2. Bg5 g6 3. Bxf6 exf6 4. h4 h5 5. e3 f5 6. c4 Bg7 7. Nc3 O-O 8. g3 c5 9. Nge2 a6 10. Bg2 Nc6 11. O-O Rb8 12. dxc5 b5 13. cxb6 Qxb6 14. b3 Bb7 15. Nd5 Qd8 16. Rc1 Ne5 17. Nef4 Re8 18. Rc2 Ng4 19. Rd2 a5 20. Ne2 a4 21. Ndf4 Bxg2 22.
Kxg2 Rxe3 23. Rxd7 Qe8 24. c5 axb3 25. axb3 Qe4+ 26.
Kg1 Rbxb3 27. Qd5 Qxd5 28. Rxd5 Re4 29. Rc1 Bb2 30. Rc2 Be5 31. c6 Bxf4 32. gxf4 Rb1+ 33. Kg2 Rxe2 34. Rxe2 Rc1 35. Rd6 1-0

[Event "*** Titled Tuesday Blitz"]
[Site "Chess.com"]
[Date "2021.02.16"]
[Round "1"]
[White "Sanyura"]
[Black "Aya5ian"]
[Result "1-0"]
[WhiteElo "2739"]
[BlackElo "2393"]
[TimeControl "180+1"]
[EndTime "10:06:44 PST"]
[Termination "Sanyura won by checkmate"]

1. e4 c6 2. Nf3 d5 3. Nc3 dxe4 4. Nxe4 Nf6 5. Qe2 Bf5 6. Nxf6+ gxf6 7. d4 Nd7 8. g3 Bg7 9. Bg2 O-O 10. O-O e5 11.
Nh4 Bg6 12. f4 exf4 13. Bxf4 Re8 14. Qf2 Nb6 15. c3 Nd5 16. Bd2 Qd7 17. Rae1 Rxe1 18. Rxe1 Re8 19. Rxe8+ Qxe8 20. Nf5 Bf8 21. h4 h5 22. c4 Nc7 23. Bc3 Qe6 24. Ne3 Kg7 25. d5 Qd6 26. c5 Qxc5 27. Qxf6+ Kg8 28. Qh8# 1-0

[Event "*** Titled Tuesday Blitz"]
[Site "Chess.com"]
[Date "2021.02.16"]
[Round "1"]
[White "ZiggyStardust64"]
[Black "norwaytoadog"]
[Result "1-0"]
[WhiteElo "2584"]
[BlackElo "2273"]
[TimeControl "180+1"]
[EndTime "10:06:45 PST"]
[Termination "ZiggyStardust64 won on time"]

1. c4 e5 2. Nc3 Nf6 3. Nf3 Nc6 4. e4 Bb4 5. d3 O-O 6. a3 Bxc3+ 7. bxc3 d6 8. Be2 a6 9. O-O b5 10. cxb5 axb5 11. Bg5 h6 12. Bh4 Qe7 13. d4 exd4 14. cxd4 Qxe4 15. Bxf6 gxf6 16. Bxb5 Bg4 17. Nd2 Nxd4 18.
Nxe4 Bxd1 19. Rfxd1 Nxb5 20. Nxf6+ Kg7 21. Nd5 c5 22. a4 Nd4 23. a5 Nb3 24. Ra3 Rfb8 25.
Nb6 Rxb6 26. axb6 Rxa3 27. b7 Nd2 28. b8=Q 1-0

[Event "*** Titled Tuesday Blitz"]
[Site "Chess.com"]
[Date "2021.02.16"]
[Round "1"]
[White "MoreChessJulia"]
[Black "ErikBlomqvist"]
[Result "0-1"]
[WhiteElo "2134"]
[BlackElo "2507"]
[TimeControl "180+1"]
[EndTime "10:06:45 PST"]
[Termination "ErikBlomqvist won by checkmate"]

1. d4 Nf6 2. Nc3 d5 3. Bg5 Nbd7 4. e3 c5 5. f4 Qb6 6. Rb1 e6 7. Nf3 Be7 8. Bd3 a6 9. O-O Qc7 10. Ne5 b5 11. a3 Bb7 12. Qf3 h6 13. Nxd7 Qxd7 14. Bxf6 gxf6 15. f5 O-O-O 16. Nd1 h5 17. dxc5 Bxc5 18. fxe6 fxe6 19. Qxf6 Kb8 20. Qc3 Rc8 21.
Qd2 Rhf8 22. Nf2 Qg7 23. Nh3 e5 24. Bf5 Rcd8 25. Kh1 Qh6 26. Rbd1 Bxe3 27. Qe2 d4 28. Ng1 Rf6 29. Bd3 Rg8 30. Rxf6 Qxf6 31. Rf1 Rxg2 32. Rxf6 Rxg1# 0-1

[Event "*** Titled Tuesday Blitz"]
[Site "Chess.com"]
[Date "2021.02.16"]
[Round "1"]
[White "Beca95"]
[Black "rynos0411"]
[Result "1-0"]
[WhiteElo "2918"]
[BlackElo "2458"]
[TimeControl "180+1"]
[EndTime "10:06:46 PST"]
[Termination "Beca95 won by resignation"]

1. d4 Nf6 2. Bg5 Ne4 3. h4 d5 4. Nd2 Nxd2 5. Qxd2 h6 6. Bf4 Bf5 7. f3 e6 8. g4 Bh7 9. e3 Be7 10.
Bg3 c5 11. c3 Nc6 12. Bd3 Bxd3 13. Qxd3 Qb6 14. Rb1 Qa5 15. a3 cxd4 16. exd4 O-O 17. Ne2 Rfe8 18. f4 Bd6 19. Kf2 Qc7 20. Kg2 a6 21. h5 b5 22. g5 hxg5 23. fxg5 Bxg3 24. Nxg3 Qf4 25. g6 f5 26. Rbf1 Qg5 27. Qf3 Rf8 28.
Qf4 Qxf4 29. Rxf4 Na5 30. Re1 Rf6 31. Nh1 Nc4 32. Re2 a5 33. Nf2 b4 34. axb4 axb4 35.
cxb4 Ra2 36. Nd3 Nd6 37. Rf1 Ne4 38. Nf4 Ra4 39. Rc1 Rxb4 40. Rc8+ Rf8 41. Rxf8+ Kxf8 42. Nxe6+ Kg8 43. Rc2 Rb8 44. Rc7 Rxb2+ 45. Kf3 Rb8 46. Rxg7+ Kh8 47. Rf7 Re8 48. Rf8+ Rxf8 49. g7+ 1-0

[Event "*** Titled Tuesday Blitz"]
[Site "Chess.com"]
[Date "2021.02.16"]
[Round "1"]
[White "eljanov"]
[Black "Lysiak_Poltorak"]
[Result "1-0"]
[WhiteElo "2847"]
[BlackElo "2429"]
[TimeControl "180+1"]
[EndTime "10:06:46 PST"]
[Termination "eljanov won by resignation"]

1. d4 Nf6 2. Bf4 b6 3. e3 Bb7 4. Nf3 g6 5. c4 Bg7 6. Nc3 O-O 7.
Be2 d6 8. O-O Nfd7 9. h3 e5 10.
Bh2 Qe7 11. Nd5 Bxd5 12. cxd5 f5 13. Rc1 e4 14. Nd2 Nf6 15. Qb3 Rc8 16. Rc2 Nbd7 17. Ba6 Rd8 18. Rxc7 Ne8 19. Rb7 Rdb8 20. Rc1 Rxb7 21.
Bxb7 Rb8 22. Ba6 Ndf6 23. Rc6 Kh8 24. Nc4 Rd8 25. Qa3 Nxd5 26. Nxd6 Nxd6 27. Rxd6 Rxd6 28. Qxd6 Qxd6 29. Bxd6 f4 30. Bc4 fxe3 31. Bxd5 e2 32. Bb4 a5 33. Be1 Bxd4 34. Bxe4 Bxb2 35. Bd3 Kg7 36. Bxe2 Kf6 37. a4 Ke5 38. Kf1 Kd4 39.
f4 Bc1 40. Bf2+ Kc3 41. Bxb6 Kb4 42. Bb5 Bxf4 43. Ke2 Be5 44. Kf3 h5 45. Be8 g5 46.
Ke4 Bf4 47. Kf5 Bd2 48. Bd8 g4 49. hxg4 hxg4 50. Kxg4 Kc5 51. Kf5 Kd6 52. g4 Bc3 53. g5 Bb2 54. Bf6 1-0

[Event "*** Titled Tuesday Blitz"]
[Site "Chess.com"]
[Date "2021.02.16"]
[Round "1"]
[White "besarquis"]
[Black "Zurability"]
[Result "0-1"]
[WhiteElo "2298"]
[BlackElo "2604"]
[TimeControl "180+1"]
[EndTime "10:06:46 PST"]
[Termination "Zurability won by resignation"]

1. e4 c5 2. Nf3 d6 3. Bb5+ Bd7 4. Bxd7+ Qxd7 5. c4 e5 6. Nc3 Nc6 7. d3 g6 8. O-O Bg7 9. Nd5 Nge7 10. Bg5 Nxd5 11. exd5 Ne7 12. Nd2 h6 13. Be3 O-O 14. Rb1 f5 15. f3 a5 16. b3 b5 17. Qc2 b4 18.
a4 bxa3 19. Qa2 Rfb8 20. Qxa3 Rb4 21. Rfc1 a4 22. Rc2 Qb7 23. Ra2 Rb8 24. Rc2 e4 25. dxe4 axb3 26. Rcc1 Ra8 27. Qxa8+ Qxa8 28. exf5 Nxf5 29. Bf4 Qa2 30. Ne4 Bd4+ 31. Kh1 b2 32. Rd1 Ra4 33. Nxd6 Nxd6 34. Bxd6 Qxb1 35. Rxb1 Ra1 0-1

[Event "*** Titled Tuesday Blitz"]
[Site "Chess.com"]
[Date "2021.02.16"]
[Round "1"]
[White "esrosenberg"]
[Black "PlotnikovPavel"]
[Result "0-1"]
[WhiteElo "2109"]
[BlackElo "2501"]
[TimeControl "180+1"]
[EndTime "10:06:46 PST"]
[Termination "PlotnikovPavel won by resignation"]

1. Nf3 d6 2. d4 Nf6 3. c4 g6 4. Nc3 Bg7 5. e4 O-O 6. h3 e5 7. dxe5 dxe5 8. Qxd8 Rxd8 9. Bg5 Re8 10. Nd5 Nxd5 11. cxd5 c6 12. Bc4 cxd5 13. Bxd5 Nd7 14.
Rc1 Nb6 15. Bb3 Be6 16. Bxe6 Rxe6 17. Rc7 Rb8 18. Ke2 Rc6 19. Rc1 Rxc1 20. Bxc1 Rc8 21.
Rxc8+ Nxc8 22. Be3 b6 23. b3 Nd6 24. Nd2 f5 25. f3 f4 26. Bf2 Kf7 27. Kd3 Ke6 28. Nc4 Nb7 29. a4 Bf8 30. Kc3 g5 31. b4 h5 32. a5 b5 33. a6 Nd8 34. Na5 Kd7 35. Bxa7 Bd6 36. Bc5 Bxc5 37. bxc5 Ne6 38. Kb4 Nc7 39. a7 h4 40. c6+ Kd6 41. Kc3 Kc5 42. Kb3 Kb6 43. Kb4 Kxa7 44. Nb3 Kb6 45. Na5 Na6+ 46.
Kc3 Kxa5 0-1

[Event "*** Titled Tuesday Blitz"]
[Site "Chess.com"]
[Date "2021.02.16"]
[Round "1"]
[White "djano"]
[Black "akanga001"]
[Result "1-0"]
[WhiteElo "2479"]
[BlackElo "1967"]
[TimeControl "180+1"]
[EndTime "10:06:46 PST"]
[Termination "djano won by resignation"]

1. e3 d5 2. c4 Nf6 3. Nf3 c6 4. b3 Bf5 5. Bb2 h6 6. Be2 Nbd7 7. d3 e6 8. Nbd2 Bd6 9. O-O O-O 10. Qc2 Bh7 11. Rab1 a5 12. Bc3 e5 13. cxd5 Nxd5 14. Ba1 Nb4 15. Qc4 b5 16. Qg4 Bxd3 17. Bxd3 Nxd3 18. Qe4 Nb4 19. a3 f5 20. Qh4 Be7 21.
Qg3 Nc2 22. Nxe5 Nxa1 23. Nxc6 Qe8 24. Nxe7+ Qxe7 25. Rxa1 Nf6 26. Nf3 Ne4 27. Qe5 Qxe5 28. Nxe5 Nc3 29. f4 Rfd8 30. Rae1 Rd2 31. Rf2 Rad8 32. h3 Rxf2 33. Kxf2 Rd2+ 34. Kf1 Rb2 35.
b4 axb4 36. axb4 Rxb4 37. Rc1 Ne4 38. Rc6 Rb2 39. g4 Ng3+ 40. Ke1 Re2+ 41. Kd1 Rxe3 42. Rb6 fxg4 43. hxg4 Rb3 44. f5 Rb2 45. Rb8+ Kh7 46.
Ng6 1-0

[Event "*** Titled Tuesday Blitz"]
[Site "Chess.com"]
[Date "2021.02.16"]
[Round "1"]
[White "Zenzo"]
[Black "DinaBelenkaya"]
[Result "1-0"]
[WhiteElo "2614"]
[BlackElo "2315"]
[TimeControl "180+1"]
[EndTime "10:06:47 PST"]
[Termination "Zenzo won by resignation"]

1. e4 d5 2. exd5 Qxd5 3. Nc3 Qa5 4. Bc4 Nf6 5. Nge2 e6 6. O-O Bd7 7. d4 Be7 8. d5 exd5 9. Nxd5 Nxd5 10. Bxd5 Bc6 11.
Nc3 O-O 12. Qh5 Kh8 13. Bxf7 Qxh5 14. Bxh5 Na6 15. a3 Rad8 16. Be3 Bf6 17. Be2 Rfe8 18. Rfd1 Nb8 19. Rxd8 Bxd8 20. Rd1 Nd7 21. Bb5 Ne5 22. Bxc6 Nxc6 23. Nd5 b6 24. Kf1 a5 25. Bf4 a4 26.
Bxc7 b5 27. Bxd8 Rxd8 28. Nc3 Re8 29. Nxb5 Ne5 30. Re1 Re7 31. Nc3 Kg8 32. Nxa4 Kf7 33. f4 Ra7 34. Rxe5 Rxa4 35. g3 Kf6 36. Ke2 h6 37. h4 Rc4 38. c3 Rc8 39. a4 Ra8 40. a5 Ra7 41. b4 Rc7 42. Kd3 Rd7+ 43. Kc2 Rc7 44. a6 Rd7 45. b5 Rc7 46. b6 Rc6 47. a7 Rxb6 48. a8=Q Ra6 49. Qxa6+ 1-0

[Event "*** Titled Tuesday Blitz"]
[Site "Chess.com"]
[Date "2021.02.16"]
[Round "1"]
[White "SchmakAttack"]
[Black "Pantata007"]
[Result "1-0"]
[WhiteElo "2594"]
[BlackElo "2284"]
[TimeControl "180+1"]
[EndTime "10:06:47 PST"]
[Termination "SchmakAttack won on time"]

1. e4 e5 2. Nf3 Nc6 3. Bc4 Bc5 4. c3 Nf6 5. d3 O-O 6. O-O d6 7. Re1 h6 8. h3 a5 9. Nbd2 Be6 10. Bxe6 fxe6 11.
Nc4 b5 12. Ne3 Bxe3 13. Bxe3 a4 14. Qc2 Nh5 15. d4 Qf6 16. Rad1 Nf4 17. dxe5 Nxe5 18.
Nxe5 Qxe5 19. c4 b4 20. c5 b3 21. axb3 axb3 22. Qxb3 Rfb8 23. Qc4 Ng6 24. cxd6 cxd6 25. Qc6 Rd8 26. Rd4 1-0

[Event "*** Titled Tuesday Blitz"]
[Site "Chess.com"]
[Date "2021.02.16"]
[Round "1"]
[White "coalescenet"]
[Black "Bykov_Egor"]
[Result "0-1"]
[WhiteElo "2206"]
[BlackElo "2534"]
[TimeControl "180+1"]
[EndTime "10:06:47 PST"]
[Termination "Bykov_Egor won by resignation"]

1. d4 Nf6 2. c4 e6 3. a3 b6 4. Nf3 Bb7 5. g3 d5 6. Bg2 Be7 7. O-O O-O 8. Qc2 Nbd7 9. cxd5 exd5 10. b4 Ne4 11. Nbd2 Bf6 12. Bb2 Re8 13. Rac1 Nxd2 14. Qxd2 Ba6 15. Rfe1 Rc8 16. Rc2 c6 17. Qc1 Bb5 18.
Ba1 Qe7 19. h4 Ba4 20. Rc3 c5 21. Re3 Qf8 22. dxc5 Bxa1 23. Qxa1 Rxe3 24. fxe3 bxc5 25. bxc5 Qxc5 26. Qd4 Nf6 27. Ne5 Qxa3 28. Qxa7 Qc3 29.
Qxf7+ Kh8 30. Nd3 Bc2 31. Rc1 Qd2 32. Qe6 Re8 33. Qf5 Qxc1+ 34. Nxc1 Bxf5 0-1

[Event "*** Titled Tuesday Blitz"]
[Site "Chess.com"]
[Date "2021.02.16"]
[Round "1"]
[White "Grieve72"]
[Black "Jospem"]
[Result "0-1"]
[WhiteElo "2468"]
[BlackElo "3020"]
[TimeControl "180+1"]
[EndTime "10:06:49 PST"]
[Termination "Jospem won by resignation"]

1. e4 c5 2. Nf3 d6 3. d4 cxd4 4. Nxd4 a6 5. c4 e6 6. Nc3 Nf6 7. Be3 Be7 8. Be2 O-O 9. O-O b6 10. Qd2 Bb7 11. f3 Nbd7 12. a3 Rc8 13. Rfc1 Qc7 14.
Kh1 Qb8 15. b4 Bd8 16. Bg1 Bc7 17. Na4 d5 18. exd5 exd5 19. c5 b5 20. Nb2 Ne5 21. Nf5 Ng6 22. Nd3 Rce8 23. Re1 Bc8 24. Nd4 Nh5 25. Qg5 Nf6 26. Bf1 Be6 27. g3 Qc8 28.
c6 h6 29. Qd2 h5 30. Qg5 h4 31. Bf2 Bh3 32. Nc5 Bxf1 33. Rxf1 Qh3 34. Nf5 hxg3 35. Bxg3 Re2 36. Rg1 Rxh2+ 0-1

[Event "*** Titled Tuesday Blitz"]
[Site "Chess.com"]
[Date "2021.02.16"]
[Round "1"]
[White "milenapn"]
[Black "hypert"]
[Result "0-1"]
[WhiteElo "2091"]
[BlackElo "2495"]
[TimeControl "180+1"]
[EndTime "10:06:54 PST"]
[Termination "hypert won by resignation"]

1. e4 c5 2. Nf3 e6 3. d4 cxd4 4. Nxd4 Nc6 5. Nc3 Qc7 6. Be2 a6 7. Be3 Nf6 8. O-O Be7 9. f4 d6 10. Bf3 O-O 11. Kh1 Re8 12. g4 Nxd4 13. Bxd4 e5 14. Be3 exf4 15. Bxf4 Be6 16. g5 Nd7 17. Bg4 Ne5 18. Bxe6 fxe6 19. Bxe5 dxe5 20. Qg4 Qc6 21. Rf2 Bc5 22. Rd2 Rad8 23. Rad1 Rxd2 24. Rxd2 Rf8 25. Ne2 Be3 26. Rd3 Bb6 27. Rc3 Qd7 28. Rd3 Rf1+ 29. Kg2 Rf2+ 30. Kg3 Qf7 31. Rf3 Rxf3+ 32. Qxf3 Qc7 33.
Qd3 g6 34. Kg4 Kg7 35. h4 Qf7 36. Qf3 Qe7 37. Nc3 Bd4 38. h5 gxh5+ 39. Kxh5 Qe8+ 40. Kg4 Qg6 41. Nd1 Bc5 42. Ne3 Be7 43. Nf5+ exf5+ 44. Qxf5 Qxf5+ 45. exf5 Kf7 46. Kh5 e4 47. Kg4 Bd6 0-1

[Event "*** Titled Tuesday Blitz"]
[Site "Chess.com"]
[Date "2021.02.16"]
[Round "1"]
[White "The_Machine04"]
[Black "Parhamov"]
[Result "0-1"]
[WhiteElo "2444"]
[BlackElo "2905"]
[TimeControl "180+1"]
[EndTime "10:06:56 PST"]
[Termination "Parhamov won by resignation"]

1. d4 Nf6 2. Bg5 d5 3. e3 c5 4.
Bxf6 gxf6 5. dxc5 e6 6. c4 dxc4 7. Nd2 Bxc5 8. Bxc4 Bd7 9. Qh5 Qe7 10. Ngf3 Bc6 11. O-O Nd7 12. a3 f5 13. b4 Bb6 14. b5 Nf6 15. Qh4 Bd5 16. Bxd5 Nxd5 17. Qxe7+ Kxe7 18. a4 Rhc8 19. Rfc1 Ba5 20. Kf1 f6 21. g3 e5 22. Nb3 Bc3 23. Rab1 Rc4 24. Na5 Rc7 25. Nb3 Rac8 26. Nh4 Ke6 27. a5 Rc4 28. a6 b6 29. Ke2 Rb4 30. Nd2 Rc5 31.
Rxb4 Bxb4 32. Rxc5 Bxc5 33. Nc4 Nc3+ 34. Kd3 Nxb5 35.
h3 h5 36. g4 fxg4 37. hxg4 hxg4 38. Nd2 Nd6 39. Ne4 f5 40. Nxd6 Bxd6 41. Ng2 b5 42.
Ne1 Kd5 43. Nc2 Bc5 44. Na1 f4 45. Nb3 fxe3 46. Nxc5 exf2 47. Ke3 f1=Q 48. Nb7 0-1